 Dungeon Crawl Stone Soup version 0.25-a0-458-g6fc7858b95 (webtiles) character file.

Game seed: 6107917307768827896, levelgen mode: deterministic

590 Elellon the Magician (level 7, -4/36 HPs)
             Began as a Deep Elf Conjurer on Feb 2, 2020.
             Killed by divine providence
             ... invoked by an orc priest
              (9 damage)
             ... on level 4 of the Dungeon.
             The game lasted 00:05:43 (3555 turns).

Elellon the Magician (Deep Elf Conjurer)            Turns: 3555, Time: 00:05:44

Health: -4/36      AC:  3    Str:  7    XL:     7   Next: 15%
Magic:  12/20      EV: 13    Int: 20    God:
Gold:   199        SH:  0    Dex: 15    Spells: 18/21 levels left

rFire    . . .     SeeInvis .   r - +4 halberd
rCold    . . .     Gourm    .   (shield currently unavailable)
rNeg     . . .     Faith    .   a - +0 robe
rPois    .         Spirit   .   (no helmet)
rElec    .         Reflect  .   (no cloak)
rCorr    .         Harm     .   w - +0 pair of gloves
MR       +....                  (no boots)
Stlth    ++........             (no amulet)
HPRegen  0.12/turn              s - ring of protection from magic
MPRegen  0.17/turn              (no ring)

@: no status effects
A: no striking features
a: no special abilities


You were on level 4 of the Dungeon.
You were not hungry.

You visited 1 branch of the dungeon, and saw 4 of its levels.

You collected 199 gold pieces.

Inventory:

Hand Weapons
 f - a +2 flail
 r - a +4 halberd (weapon)
Missiles
 q - 72 stones (quivered)
Armour
 a - a +0 robe (worn)
 w - a +0 pair of gloves (worn)
Jewellery
 s - a ring of protection from magic (left hand)
Scrolls
 p - a scroll of immolation {unknown}
 t - a scroll of enchant armour {unknown}
 x - a scroll of blinking {unknown}
Potions
 b - 3 potions of curing {unknown}
 g - a potion of flight {unknown}
 h - a potion of berserk rage {unknown}
 l - a potion of ambrosia {unknown}
 m - a potion of haste {unknown}
 n - a potion of heal wounds {unknown}
Comestibles
 c - 4 rations


   Skills:
 - Level 2.4 Dodging
 - Level 2.4 Stealth
 + Level 7.7 Spellcasting
 + Level 7.4 Conjurations


You had 18 spell levels left.
You knew the following spells:

 Your Spells              Type           Power        Failure   Level  Hunger
a - Magic Dart            Conj           ####         1%          1    None
b - Searing Ray           Conj           #####.       1%          2    None

Your spell library contained the following spells:

 Spells                   Type           Power        Failure   Level  Hunger
 Dazzling Flash           Conj/Hex       ###...       6%          3    None
 Fulminant Prism          Conj/Hex       ###.......   19%         4    ###....
 Iskenderun's Mystic Bla  Conj/Tloc      ###.....     19%         4    ###....


Dungeon Overview and Level Annotations

Branches:
Dungeon (4/15)
 Temple: D:4-7

Altars:


Message History

Deactivating autopickup; reactivate with Ctrl-A.
The orc priest mumbles some strange prayers to Beogh against you.
Something writhes in agony!
You're too confused to cast spells.
Unknown command.
The orc shouts!
A magic dart appears from out of thin air!
The magic dart hits you!
You feel less confused. Something hits you.
The orc priest calls down the wrath of Beogh upon you.
Beogh smites you!
* * * LOW HITPOINT WARNING * * *
A magic dart appears from out of thin air!
The magic dart hits you.
* * * LOW HITPOINT WARNING * * *
The orc priest miscasts a cantrip.
The orc priest mumbles some strange prayers to Beogh against you.
Beogh smites you!
You die...

*,* ##'## #..# ****,*** ##...##
##.# ,,,,,,,* ##.....## ###.#
*,,..,,* ##.......## ##.#.###
*,∩....###.........####......#***
*,,....)†'..o......'.............
*,*,...###..o......####....#.####
*,,,.,,* ##.......## #..#.#.#
,,,,*,** ##....@## #.#..#.#
*****,* ##...## #.#.##,# *,*
##'##*****#....,,* *,*
#.#,,,,,,.##.##** *,*
#.#,*****,**,* *,*
*#.#,*****,**,* *,*
**...,,,,,,,**,*
*,******,...,,,,,,,,,,*
*,,,,,,,,...,,,,,,,****


You could see an orc priest and an orc.

Vanquished Creatures
  Sigmund (D:3)
  A bullfrog (D:4)
  5 wights (D:3)
  An orc priest (D:3)
  An orc wizard (D:4)
  2 adders (D:2)
  A worm (D:2)
  A dart slug (D:1)
  8 orcs
  4 giant cockroaches
  7 goblins
  5 hobgoblins
  10 jackals
  A ball python (D:2)
  6 bats
  3 frilled lizards
  8 kobolds
  10 rats
75 creatures vanquished.

Notes
Turn   | Place    | Note
-------+----------+-------------------------------------------
     0 | D:1      | Elellon the Deep Elf Conjurer began the quest for the Orb.
     0 | D:1      | Reached XP level 1. HP: 10/10 MP: 6/6
   252 | D:1      | Reached XP level 2. HP: 15/15 MP: 2/8
   333 | D:1      | Learned a level 2 spell: Searing Ray
  1179 | D:2      | Reached skill level 5 in Conjurations
  1179 | D:2      | Reached XP level 3. HP: 19/19 MP: 5/10
  2075 | D:3      | Noticed Sigmund
  2081 | D:3      | Killed Sigmund
  2081 | D:3      | Reached XP level 4. HP: 24/24 MP: 3/14
  2081 | D:3      | Reached XP level 5. HP: 28/28 MP: 3/15
  2272 | D:3      | Reached XP level 6. HP: 15/32 MP: 11/17
  3358 | D:4      | Reached XP level 7. HP: 36/36 MP: 16/20
  3555 | D:4      | Killed from afar by an orc priest

Levels and vault maps discovered:
D:1:      scummos_arrival_simple_crosswalls, layout_loops_corners
D:2:      layout_basic
D:3:      layout_loops_ring, guppyfry_early_orc_mine, uniq_sigmund
D:4:      layout_loops_corners, serial_shops, shop

Skill      XL: |  1  2  3  4  5  6 |
---------------+-------------------+-----
Spellcasting   | 4 6 7 |  7.7
Conjurations   | 5 6 7 |  7.4
Dodging        | |  2.4
Stealth        | |  2.4

Action                   |  1- 3 |  4- 6 |  7- 9 || total
-------------------------+-------+-------+-------++-------
Melee: Unarmed           |     1 |       |       ||     1
 Cast: Magic Dart        |    86 |    29 |     2 ||   117
       Searing Ray       |     1 |    10 |     2 ||    13
  Use: Scroll            |       |       |     7 ||     7
  Eat: Chunk             |     3 |     4 |     1 ||     8
Armor: Robe              |     7 |       |       ||     7
Dodge: Dodged            |    12 |     9 |       ||    21

Table legend:
 A = Non-vault XP
 B = Vault XP
 C = Vault XP percentage of total XP
 D = Non-vault monster count
 E = Vault monster count
 F = Vault count percentage of total count
                 A         B        C        D         E       F
            +---------+---------+-------+---------+---------+-------
      Total |     584 |     259 |  30.7 |      67 |       8 |  10.7
            +---------+---------+-------+---------+---------+-------
        D:1 |      31 |       0 |   0.0 |      19 |       0 |   0.0
        D:2 |      60 |       0 |   0.0 |      20 |       0 |   0.0
        D:3 |     365 |     259 |  41.5 |      21 |       8 |  27.6
        D:4 |     128 |       0 |   0.0 |       7 |       0 |   0.0
            +---------+---------+-------+---------+---------+-------
